 Dungeon Crawl Stone Soup version 0.28-a0-779-g3d1f99b579 (webtiles) character file.

Game seed: 7013762190812601203

13 iamoutofideas the Gusty (level 2, 15/15 HPs)
             Began as a Tengu Air Elementalist on Nov 2, 2021.
             Quit the game on level 1 of the Dungeon.
             The game lasted 00:01:17 (724 turns).

iamoutofideas the Gusty (Tengu Air Elementalist)     Turns: 724, Time: 00:01:18

Health: 15/15      AC:  2    Str:  8    XL:     2   Next: 37%
Magic:  5/6        EV: 12    Int: 15    God:
Gold:   11         SH:  0    Dex: 14    Spells: 4/5 levels left

rFire   . . .      SeeInvis .   b - +0 dagger
rCold   . . .      Faith    .   (no shield)
rNeg    . . .      Spirit   .   a - +0 robe
rPois   .          Reflect  .   (helmet restricted)
rElec   .          Harm     .   (no cloak)
rCorr   .          Rampage  .   (no gloves)
Will    .....                   (boots unavailable)
Stlth   ++........              (no amulet)
HPRegen 0.05/turn               (no ring)
MPRegen 0.10/turn               (no ring)

@: no status effects
A: beak, talons 3
a: no special abilities


You were on level 1 of the Dungeon.
You visited 1 branch of the dungeon, and saw 1 of its levels.

You collected 11 gold pieces.

Inventory:

Hand Weapons
 b - a +0 dagger (weapon)
Armour
 a - a +0 robe (worn)
Jewellery
 h - an amulet of magic regeneration
Scrolls
 d - a scroll of immolation {unknown}
 e - a scroll of noise {unknown}
 g - 2 scrolls of teleportation {unknown}
Potions
 c - a potion of lignification {unknown}
 f - 2 potions of flight {unknown}


   Skills:
 + Level 2.3 Dodging
 - Level 2.1 Stealth
 + Level 2.1 Spellcasting
 + Level 1.5 Conjurations
 + Level 4.5 Air Magic


You had 4 spell levels left.
You knew the following spells:

 Your Spells              Type           Power      Damage    Failure   Level
a - Shock                 Conj/Air       40%        1d5       6%          1

Your spell library contained the following spells:

 Spells                   Type           Power      Damage    Failure   Level
 Static Discharge         Conj/Air       10%        N/A       10%         2
 Swiftness                Air            15%        N/A       11%         3
 Airstrike                Air            7%         N/A       34%         4


Dungeon Overview and Level Annotations

Branches:
Dungeon (1/15)

Altars:


Innate Abilities, Weirdness & Mutations

You have a beak for a mouth.
You have claws for feet.


Message History

Confirm with . or Enter, or press ? or * to list all spells.
Aiming: Shock (safe; 6% risk of failure)
Press: ? - help, Shift-Dir - straight line, f - bat
Aim: a bat (asleep, 100% to hit)
The zap hits the bat.
The bat is severely wounded.
The bat barely misses you.
Unknown command.
Casting: Shock (safe; 6% risk of failure)
Confirm with . or Enter, or press ? or * to list all spells.
Aiming: Shock (safe; 6% risk of failure)
Press: ? - help, Shift-Dir - straight line, f/p - bat
Aim: a bat (severely wounded, 52% to hit)
The zap hits the bat.
You kill the bat!
Casting: Shock (safe; 6% risk of failure)
Confirm with . or Enter, or press ? or * to list all spells.
You can't see any susceptible monsters within range! (Use Z to cast anyway.) Unknown command.
Unknown command.
Magic restored.
A bat comes into view.
A bat is nearby!
A bat is nearby!
A bat is nearby!
A bat is nearby!
You hit the bat. Your kick misses the bat. Your peck misses the bat.
The bat is severely wounded.
The bat closely misses you. x2
Unknown command.
Casting: Shock (safe; 6% risk of failure)
Confirm with . or Enter, or press ? or * to list all spells.
Aiming: Shock (safe; 6% risk of failure)
Press: ? - help, Shift-Dir - straight line, f - bat
Aim: a bat (severely wounded, 52% to hit)
The zap hits the bat.
You kill the bat!
Unknown command.
Unknown command.
Are you sure you want to abandon this character and quit the game? (Confirm with "yes".)

. ########## ..
#..†...... ...
##.######## ...
#####..##### ..
#..........#
#.#..........######.
#.#..@................
#..†...####.......## #
#......#.#
#.......####
###.......
.#...........
######................
##.###......)..†. ..
#.......####
##.........#...
###.........##


There were no monsters in sight!

Vanquished Creatures
  A ball python (D:1)
  2 endoplasms (D:1)
  A giant cockroach (D:1)
  A goblin (D:1)
  A hobgoblin (D:1)
  A quokka (D:1)
  2 bats (D:1)
  A kobold (D:1)
  A rat (D:1)
11 creatures vanquished.

Notes
Turn   | Place    | Note
-------+----------+-------------------------------------------
     0 | D:1      | iamoutofideas the Tengu Air Elementalist began the quest
                  | for the Orb.
     0 | D:1      | Reached XP level 1. HP: 10/10 MP: 4/4
   503 | D:1      | Reached XP level 2. HP: 15/15 MP: 3/6
   724 | D:1      | Quit the game

Illustrated notes

Levels and vault maps discovered:
D:1:      ebering_hopf_link, layout_rooms, minmay_misc_feat_secret_circle

Action                   || total
-------------------------++-------
Melee: Unarmed           ||     7
       Kick              ||     4
       Peck              ||     2
       Dagger            ||     4
 Cast: Shock             ||    25
Armor: Robe              ||     1
Dodge: Dodged            ||    10

Table legend: (Time is in decaauts)
 A = Elapsed time spent in this place.
 B = Non-inter-level travel time spent in this place.
 C = Inter-level travel time spent in this place.
 D = Time resting spent in this place.
 E = Time spent auto-exploring this place.
 F = Levels seen in this place.
 G = Mean time per level.
                   A        B        C        D        E       F      G
               +--------+--------+--------+--------+--------+-----+--------+
         Total |    723 |    723 |      0 |    317 |    327 |   1 |  723.0 |
       Dungeon |    723 |    723 |      0 |    317 |    327 |   1 |  723.0 |
               +--------+--------+--------+--------+--------+-----+--------+

Top non-repeatable levels by time:
     D:1: 723 daAuts
